 Dungeon Crawl Stone Soup version 0.30-b1-2-g02819fbbbe (webtiles) character file.

Game seed: 15694437707382297593

8 Alarkh the Charlatan (level 2, 22/22 HPs)
             Began as a Demonspawn Artificer on Nov 22, 2023.
             Got out of the dungeon alive.
             The game lasted 00:00:31 (737 turns).

Alarkh the Charlatan (Demonspawn Artificer)          Turns: 737, Time: 00:00:31

Health: 22/22      AC:  3    Str: 12    XL:     2   Next: 0%
Magic:  2/2        EV: 11    Int: 12    God:
Gold:   27         SH:  0    Dex: 13    Spells: 1/1 levels left

rFire   . . .        a - +0 club
rCold   . . .        (no shield)
rNeg    . . .        b - +0 leather armour
rPois   .            (helmet restricted)
rElec   .            (no cloak)
rCorr   .            (no gloves)
SInv    .            (no boots)
Will    .....        f - amulet of faith
Stlth   +            (no ring)
HPRegen 0.23/turn    (no ring)
MPRegen 0.08/turn

%: faith
@: no status effects
A: horns 1
a: no special abilities


You escaped.
You visited 1 branch of the dungeon, and saw 1 of its levels.

You collected 27 gold pieces.

Inventory:

Hand Weapons
 a - a +0 club (weapon)
Armour
 b - a +0 leather armour (worn)
Jewellery
 f - an amulet of faith (around neck)
Wands
 c - a wand of flame (13) (quivered)
 d - a wand of charming (15)
 e - a wand of iceblast (5)
Scrolls
 g - a scroll of poison {unknown}
 h - 2 scrolls of identify {unknown}
 j - 2 scrolls of teleportation {unknown}
 m - a scroll of blinking {unknown}
Potions
 i - a potion of mutation {unknown}
 k - a potion of heal wounds {unknown}
 l - a potion of lignification {unknown}


   Skills:
 + Level 2.1 Fighting
 - Level 1.7 Armour
 - Level 0.8 Dodging
 - Level 0.8 Stealth
 - Level 3.0 Evocations


You had one spell level left.
You didn't know any spells.
Your spell library contained the following spells:

 Spells                   Type           Power      Damage    Failure   Level
 Beastly Appendage        Tmut           0%         N/A       38%         1
 Cigotuvi's Dreadful Rot  Necr/Pois/Air  0%         N/A       54%         2
 Wereblood                Tmut           0%         N/A       54%         2
 Spider Form              Tmut/Pois      0%         N/A       77%         3
 Dispel Undead            Necr           0%         3d6       99%         4
 Death Channel            Necr           0%         N/A       100%        6


Dungeon Overview and Level Annotations

Branches:
Dungeon (1/15)

Altars:


Innate Abilities, Weirdness & Mutations

You have a pair of small horns on your head.


Message History

A kobold is nearby!
Aiming: Throw Flame
Press: ? - help, Shift-Dir - straight line, f - kobold
Aim: a kobold, wielding a +0 dagger (heavily wounded, 64% to hit)
The puff of flame hits the kobold.
You kill the kobold!
Your Fighting skill increases to level 2!
You open the door.
There is an open door here.
h - 2 scrolls labelled INIVUE YNOIPT (gained 1)
A giant cockroach comes into view.
A giant cockroach is nearby!
The giant cockroach waves its antennae.
The giant cockroach closely misses you.
You barely miss the giant cockroach. The giant cockroach barely misses you.
You hit the giant cockroach but do no damage.
The giant cockroach closely misses you. x2
You hit the giant cockroach.
The giant cockroach is heavily wounded.
The giant cockroach bites you but does no damage.
You barely miss the giant cockroach.
The giant cockroach is heavily wounded.
The giant cockroach misses you. x2
You hit the giant cockroach.
The giant cockroach is severely wounded.
The giant cockroach bites you but does no damage.
You hit the giant cockroach but do no damage.
The giant cockroach is severely wounded.
The giant cockroach completely misses you.
The giant cockroach misses you.
You hit the giant cockroach.
You kill the giant cockroach!
You have reached level 2!
Your demonic ancestry asserts itself...
A pair of horns grows on your head!
There is an open door here.
There is an open door here.
There is a staircase leading out of the dungeon here.
Are you sure you want to leave the Dungeon?
This will make you lose the game!
You have escaped!

.......#######.##########.#.#....
.......#######.##########.#.#....
........##.............##.#.####.
..#####.##........[....##.#....#.
..#.....##..#####'###..##.#....#.
..#.#.#.##..#.......#..##.#....#.
..#.#.#.....#.......#..##.#....#.
..#'#'#.##..#.......'..##.#.#####
........##..#...@...#..##.#.# ###
........##..#.......#..##.#.# #..
........##..+.......#..##.#.# #..
...>....##..#.......#)....#.# #..
##......##..#.......#..##...# #..
........##..###'#####..##.### #..
........##.............##.# #..
####...###.............##.# ###
#...# #########.######.## ####


There were no monsters in sight!

Vanquished Creatures
  A giant cockroach (D:1)
  A goblin (D:1)
  3 kobolds (D:1)
  A quokka (D:1)
  A ball python (D:1)
7 creatures vanquished.

Notes
Turn   | Place    | Note
-------+----------+-------------------------------------------
     0 | D:1      | Alarkh the Demonspawn Artificer began the quest for the
                  | Orb.
     0 | D:1      | Reached XP level 1. HP: 15/15 MP: 1/1
   675 | D:1      | Gained mutation: You have a pair of small horns on your
                  | head. [demonic ancestry]
   675 | D:1      | Reached XP level 2. HP: 22/22 MP: 2/2
   737 | D:$      | Got out of the dungeon alive.

Illustrated notes

Levels and vault maps discovered:
D:1:      lemuel_arrival_room, layout_basic, minmay_split_cup_large

Skill      XL: |  1 |
---------------+----+-----
Fighting       | 2 |  2.1
Armour         | |  1.7
Dodging        | |  0.8
Stealth        | |  0.8
Evocations     | |  3.0

Action                     || total
---------------------------++-------
  Melee: Club              ||    31
  Evoke: Wand              ||     2
 Armour: Leather armour    ||    10
  Dodge: Dodged            ||    25
